 Dungeon Crawl Stone Soup version 0.19.4-8-ga85b6b9 (webtiles) character file.

134 LORDOFBUTT the Shield-Bearer (level 5, -7/32 HPs)
             Began as a Gargoyle Fighter on Feb 12, 2017.
             Killed by divine providence
             ... invoked by an orc priest
              (15 damage)
             ... on level 3 of the Dungeon.
             The game lasted 00:01:52 (1899 turns).

LORDOFBUTT the Shield-Bearer (Gargoyle Fighter)     Turns: 1899, Time: 00:01:52

Health: -7/32      AC: 10    Str: 25    XL:     5   Next: 17%
Magic:  5/5        EV:  7    Int:  8    God:
Gold:   188        SH: 10    Dex: 10    Spells: 0 memorised, 4 levels left

rFire  . . .     SeeInvis .     a - +0 flail
rCold  . . .     Gourm    .     b - +0 scale mail
rNeg   + . .     Faith    .     c - +0 shield
rPois  ∞         Spirit   .     (no helmet)
rElec  +         Reflect  .     (no cloak)
rCorr  .         Harm     .     (no gloves)
MR     .....                    (no boots)
Stlth  ..........               (no amulet)
                                (no ring)
                                (no ring)

@: mighty
A: negative energy resistance 1, electricity resistance, unbreathing,
petrification resistance, rot immunity, AC +4
a: no special abilities


You were on level 3 of the Dungeon.
You were not hungry.

You visited 1 branch of the dungeon, and saw 3 of its levels.

You collected 188 gold pieces.

Inventory:

Hand Weapons
 a - a +0 flail (weapon)
Armour
 b - a +0 scale mail (worn)
 c - a +0 shield (worn)
Jewellery
 m - an uncursed amulet of guardian spirit {unknown}
 n - a cursed -4 ring of slaying {unknown}
Scrolls
 i - 7 scrolls of identify {unknown}
 q - a scroll of noise {unknown}
 r - a scroll of amnesia {unknown}
 s - a scroll of immolation {unknown}
Potions
 d - a potion of might
 e - a potion of cancellation {unknown}
 g - a potion of ambrosia {unknown}
 j - a potion of lignification {unknown}
 p - a potion of curing {unknown}
 t - a potion of berserk rage {unknown}
Comestibles
 f - 2 bread rations
 h - a meat ration
 k - a beef jerky
 l - a royal jelly
 o - a slice of pizza


   Skills:
 - Level 3.2 Fighting
 * Level 4.3 Maces & Flails
 - Level 3.2 Armour
 + Level 4.4 Shields


You had 4 spell levels left.
You didn't know any spells.

Dungeon Overview and Level Annotations

Branches:
Dungeon (3/15)

Altars:

Portals:
Sewer: D:3


Innate Abilities, Weirdness & Mutations

You are resistant to torment.
Your stone body is resilient. (AC +4)
You are immune to poison.
You resist negative energy. (rN+)
You are resistant to electric shocks. (rElec)
You can survive without breathing.
You are immune to petrification.
You are immune to rotting.


Message History

You closely miss the adder.
The adder is severely wounded.
You block the adder's attack. x2
The orc priest looks braver for a moment.
You hit the adder but do no damage.
The adder is severely wounded.
The adder bites you but does no damage. You block the orc's attack.
The orc barely misses you. The adder bites you.
* * * LOW HITPOINT WARNING * * *
You block the orc's attack.
You are too injured to fight recklessly!
You feel very mighty all of a sudden. The adder closely misses you.
You block the orc's attack. The orc barely misses you.
You sock the orc!
You kill the orc!
The adder bites you but does no damage.
The orc priest invokes the aid of Beogh against you.
Beogh smites you!
You die...

....#####.###.###.#.#
....<.##.>.........#
######..##.######.###.###
##........#.# #...#.#
..[.......#.# ###.#.#
#######..(#.# #.#.#
#≈≈≈≈≈#...#)# #.#.#
#≈≈∩≈≈†...#o########.#.#
#≈≈≈≈≈#...)@(........#.#
#######...#S##########
.......o.##...
####.....###### #######


You could see an orc priest, an adder and an orc.

Vanquished Creatures
  A gnoll (D:2)
  7 adders
  An ooze (D:3)
  A worm (D:2)
  A dart slug (D:1)
  A leopard gecko (D:1)
  5 orcs (D:3)
  6 bats
  2 giant cockroaches (D:2)
  4 hobgoblins
  A quokka (D:2)
  A ball python (D:1)
  5 frilled lizards
  6 goblins
  5 kobolds
  6 rats
53 creatures vanquished.

Notes
Turn   | Place    | Note
-------+----------+-------------------------------------------
     0 | D:1      | LORDOFBUTT the Gargoyle Fighter began the quest for the Orb.
     0 | D:1      | Reached XP level 1. HP: 14/14 MP: 1/1
    34 | D:1      | Reached XP level 2. HP: 19/19 MP: 2/2
   338 | D:1      | Reached XP level 3. HP: 23/23 MP: 3/3
  1006 | D:2      | Reached XP level 4. HP: 28/28 MP: 4/4
  1862 | D:3      | Found a glowing drain.
  1886 | D:3      | Reached XP level 5. HP: 27/32 MP: 5/5
  1899 | D:3      | Killed from afar by an orc priest

Skill      XL: |  1  2  3  4 |
---------------+-------------+-----
Maces & Flails | 3 4 |  4.3
Shields        | 4 |  4.4
Fighting       | |  3.2
Armour         | |  3.2

Action                   |  1- 3 |  4- 6 || total
-------------------------+-------+-------++-------
Melee: Flail             |   161 |    83 ||   244
  Use: Potion            |       |     1 ||     1
  Eat: Fruit             |       |     4 ||     4
Armor: Scale mail        |    99 |    75 ||   174
Dodge: Dodged            |    51 |    31 ||    82
Block: Shield            |    86 |    70 ||   156
